 Dungeon Crawl Stone Soup version 0.32-a0-576-g706899e69d (webtiles) character file.

Game seed: 10730140079601236037

37279 juan097 the Fighter (level 13, -5/93 HPs)
             Began as an Octopode Earth Elementalist on Mar 1, 2024.
             Was a Believer of Ignis.
             Killed from afar by a kobold blastminer (43 damage)
             ... with an iron shot
             ... on level 2 of the Orcish Mines.
             The game lasted 01:06:53 (23022 turns).

juan097 the Fighter (Octopode Earth Elementalist)  Turns: 23022, Time: 01:06:54

Health: -5/93      AC:  1    Str: 13    XL:     13   Next: 95%
Magic:  14/25      EV: 31    Int: 28    God:    Ignis [**....]
Gold:   774        SH:  0    Dex: 22    Spells: 7/29 levels left

rFire   + + .        a - staff of earth
rCold   + + +        (no shield)
rNeg    + . .        (helmet restricted)
rPois   +            (no amulet)
rElec   .            I - +6 ring of dexterity
rCorr   +            b - +6 ring of intelligence
SInv    +            W - ring of Kuydd {rPois rC+ Str+4 Dex+3}
Will    ++++.        H - ring of Daisies {rC+ Will+}
Stlth   ++++++       Q - ring "Ilumum" {rF+ rN+ Will+}
HPRegen 0.35/turn    R - ring of the Jolly Heavens {Will+ rCorr EV+5 Str+2 Stlth+}
MPRegen 0.19/turn    S - ring "Juhigam" {Fly rC+ Will+ rCorr SInv}
                     p - +5 ring of evasion

%: no passive effects
@: flying
A: almost no armour, amphibious, 8 rings, camouflage 1, gelatinous body 1,
(nimble swimmer 1), tentacles
a: Renounce Religion, Fiery Armour, Foxfire Swarm


You were on level 2 of the Orcish Mines.
You worshipped Ignis.
Ignis was pleased with you.
You visited 4 branches of the dungeon, and saw 19 of its levels.

You collected 1214 gold pieces.
You spent 440 gold pieces at shops.

Inventory:

Hand Weapons
 w - a +0 dagger of protection
Missiles
 i - 12 boomerangs
 x - 57 poisoned darts
 A - 5 throwing nets
 U - 7 javelins
Armour
 Z - a +2 kite shield of positive energy
Magical Staves
 a - a staff of earth (weapon)
 C - a staff of conjuration
 O - the staff of Propriety {rPois rCorr Dex+4 Alchemy}
   (You found it on level 8 of the Dungeon)

   [staff of alchemy]

   Base accuracy: +5 Base damage: 5 Base attack delay: 1.2 This weapon's minimum
   attack delay (0.6) is reached at skill level 12.
   Dex+4:     It affects your dexterity (+4).
   rPois:     It protects you from poison.
   rCorr:     It protects you from acid and corrosion.
   Alchemy:   It increases the power of your Alchemy spells.
   It falls into the 'Staves' category.
   It is a one-tentacled weapon.
Jewellery
 b - a +6 ring of intelligence (right tentacle)
 p - a +5 ring of evasion (on tentacle)
 s - a ring of fire
 H - the ring of Daisies (on tentacle) {rC+ Will+}
   (You found it on level 9 of the Dungeon)

   [ring of willpower]

   rC+:       It protects you from cold.
   Will+:     It increases your willpower.
 I - a +6 ring of dexterity (left tentacle)
 Q - the ring "Ilumum" (on tentacle) {rF+ rN+ Will+}
   (You took it off a centaur warrior on level 9 of the Dungeon)

   [ring of protection from fire]

   rF+:       It protects you from fire.
   rN+:       It protects you from negative energy.
   Will+:     It increases your willpower.
 R - the ring of the Jolly Heavens (on tentacle) {Will+ rCorr EV+5 Str+2 Stlth+}
   (You found it on level 9 of the Dungeon)

   [ring of evasion]

   EV+5:      It affects your evasion (+5).
   Str+2:     It affects your strength (+2).
   Will+:     It increases your willpower.
   rCorr:     It protects you from acid and corrosion.
   Stlth+:    It makes you more stealthy.
 S - the ring "Juhigam" (on tentacle) {Fly rC+ Will+ rCorr SInv}
   (You found it on level 9 of the Dungeon)

   [ring of protection from cold]

   rC+:       It protects you from cold.
   Will+:     It increases your willpower.
   SInv:      It lets you see invisible.
   Fly:       It grants you flight.
   rCorr:     It protects you from acid and corrosion.
 W - the ring of Kuydd (on tentacle) {rPois rC+ Str+4 Dex+3}
   (You found it on level 2 of the Lair of Beasts)

   [ring of protection from cold]

   Str+4:     It affects your strength (+4).
   Dex+3:     It affects your dexterity (+3).
   rC+:       It protects you from cold.
   rPois:     It protects you from poison.
Wands
 y - a wand of charming (16)
 J - a wand of quicksilver (12)
 K - a wand of flame (40)
 P - a wand of roots (1)
 X - a wand of mindburst (4)
Scrolls
 d - 2 scrolls of summoning
 e - a scroll of revelation
 g - 4 scrolls of blinking
 h - 4 scrolls of teleportation
 k - 3 scrolls of poison {unknown}
 l - a scroll of silence
 o - 4 scrolls of enchant armour {unknown}
 t - 4 scrolls of fear
 u - a scroll of torment
 D - 3 scrolls of immolation
 E - 2 scrolls of vulnerability
 F - a scroll of identify
 G - 4 scrolls of enchant weapon
 N - a scroll of brand weapon {unknown}
 T - 2 scrolls of amnesia {unknown}
 V - 2 scrolls of fog {unknown}
Potions
 c - 11 potions of curing {unknown}
 f - 2 potions of enlightenment
 j - 3 potions of magic
 m - a potion of ambrosia
 n - 3 potions of might
 q - 2 potions of lignification
 r - 2 potions of invisibility {unknown}
 v - 2 potions of heal wounds {unknown}
 z - a potion of cancellation {unknown}
 B - 2 potions of haste {unknown}
 L - 2 potions of degeneration {unknown}
 M - 3 potions of resistance {unknown}
 Y - 3 potions of berserk rage {unknown}


   Skills:
 + Level 10.5 Fighting
 - Level 6.0 Short Blades
 - Level 2.0 Ranged Weapons
 - Level 10.0 Dodging
 - Level 6.0 Stealth
 + Level 8.5 Spellcasting
 - Level 10.0 Conjurations
 - Level 4.0 Translocations
 - Level 10.0 Earth Magic
 - Level 6.0 Evocations


You had 7 spell levels left.
You knew the following spells:

 Your Spells              Type           Power      Damage    Failure   Level
a - Sandblast             Erth           100%       2d20      1%          1
b - Passwall              Erth           80%        N/A       1%          3
c - Stone Arrow           Conj/Erth      100%       3d13      1%          3
d - Blink                 Tloc           68%        N/A       1%          2
e - Brom's Barrelling Bo  Conj/Erth      80%        2d9       1%          4
f - Lee's Rapid Deconstr  Erth           40%        3d20*     2%          5
g - Petrify               Alch/Erth      56%        N/A       6%          4

Your spell library contained the following spells:

 Spells                   Type           Power      Damage    Failure   Level
 Magic Dart               Conj           100%       1d8       1%          1
 Searing Ray              Conj           100%       2d8       1%          2
 Static Discharge         Conj/Air       80%        3-7/arc   1%          2
 Flame Wave               Conj/Fire      40%        2d11      6%          4
 Fulminant Prism          Conj/Alch      20%        3d12      6%          4
 Call Imp                 Summ           24%        N/A       7%          2
 Cigotuvi's Dreadful Rot  Necr/Alch/Air  24%        N/A       7%          2
 Inner Flame              Hex/Fire       12%        N/A       14%         3
 Ozocubu's Armour         Ice            12%        N/A       14%         3
 Airstrike                Air            6%         2d(1-17)  43%         4
 Dispel Undead            Necr           12%        3d9       43%         4
 Martyr's Knell           Necr/Summ      12%        N/A       43%         4
 Sticky Flame             Fire/Alch      12%        2d5       43%         4
 Summon Lightning Spire   Summ/Air       12%        N/A       43%         4
 Metabolic Englaciation   Hex/Ice        6%         N/A       78%         5
 Death Channel            Necr           6%         N/A       100%        6
 Sculpt Simulacrum        Ice/Alch       6%         N/A       100%        6
 Animate Armour           Summ/Erth      Unusable   N/A       N/A         4

Dungeon Overview and Level Annotations

Branches:
Dungeon (12/15)            Temple (1/1) D:5            Lair (4/5) D:11
  Swamp (0/4) Lair:3       Spider (0/4) Lair:3        Slime (0/5) Lair:4
    Orc (2/2) D:9
    Elf: Orc:2

Altars:
Ashenzari
Cheibriados
Dithmenos
Elyvilon
Fedhas
Gozag
Hepliaklqana
Kikubaaqudgha
Makhleb
Nemelex Xobeh
Okawaru
Qazlal
Ru
Sif Muna
Trog
Uskayaw
Vehumet
Wu Jian
Xom
Yredelemnul
Zin
The Shining One
Beogh
Ignis
Jiyva

Shops:
D:4 (   D:6 =[[

Annotations:
D:3 2 transporters
D:7 3 runed translucent doors, elongatedgoose's ghost, novice CoBr
D:12 1 runed translucent door, osoart's ghost, journeyman CoFi
Lair:3 Rupert
Lair:4 2 transporters, Sobieck's ghost, journeyman MDEE


Innate Abilities, Weirdness & Mutations

You cannot wear most types of armour.
You are amphibious.
You can wear up to eight rings at the same time.
Your skin changes colour to match your surroundings (Stealth+).
Your rubbery body absorbs attacks. (AC +1, EV +1)
((You are camouflaged when in or above water. (Stealth+)))
You have tentacles for arms and can constrict up to eight enemies at once.


Message History

The warg misses you.
Casting: Stone Arrow (safe; 1% risk of failure)
Confirm with . or Enter, or press ? or * to list all spells.
Aiming: Stone Arrow (safe; 1% risk of failure)
Press: ? - help, Shift-Dir - straight line, f/p - warg
Aim: a warg (almost dead, 72% to hit)
You feel a surge of power!
The stone arrow hits the warg!
You kill the warg!
The kobold blastminer blasts its cannon at you.
The iron shot hits you!!
The kobold blastminer is knocked back by the blast.
Casting: Stone Arrow (safe; 1% risk of failure)
Confirm with . or Enter, or press ? or * to list all spells.
Aiming: Stone Arrow (safe; 1% risk of failure)
Press: ? - help, Shift-Dir - straight line, f - kobold blastminer
Aim: a kobold blastminer (66% to hit)
You feel a surge of power!
The stone arrow hits the kobold blastminer!!
The kobold blastminer is heavily wounded.
Casting: Stone Arrow (safe; 1% risk of failure)
Confirm with . or Enter, or press ? or * to list all spells.
Aiming: Stone Arrow (safe; 1% risk of failure)
Press: ? - help, Shift-Dir - straight line, f/p - kobold blastminer
Aim: a kobold blastminer (heavily wounded, 66% to hit)
You feel a surge of power!
The stone arrow hits the kobold blastminer!!
The kobold blastminer is almost dead.
The kobold blastminer blasts its cannon at you.
The iron shot hits you!
The kobold blastminer is knocked back by the blast.
The kobold blastminer blasts its cannon at you.
The iron shot hits you!!
The kobold blastminer is knocked back by the blast.
Casting: Stone Arrow (safe; 1% risk of failure)
Confirm with . or Enter, or press ? or * to list all spells.
You can't see any susceptible monsters within range! (Use Z to cast anyway.)
The kobold blastminer blasts its cannon at you.
The iron shot hits you!!!
You die...
Ignis goes out, and joins you in death.

........#
#.......##.
##..........
#...KK.......
#............
#.......#...
#.......$...
##..@....#<..
#............
##...........
#............
##...........
#.<.........
#............
##...#.......
#...........


You could see 2 kobold blastminers.

Vanquished Creatures
  Harold (D:9)
  A centaur warrior (D:9)
  A two-headed ogre (D:11)
  Urug (Lair:3)
  3 bog bodies (Lair:3)
  An ugly thing (D:9)
  An orc knight (Orc:1)
  3 cyclopes
  12 elephants
  4 black mambas
  Joseph (D:7)
  10 cane toads
  Maggie (D:7)
  An efreet (D:9)
  A rime drake (Lair:3)
  An unseen horror (D:11)
  3 komodo dragons
  Psyche (D:9)
  3 polar bears
  A hornet (D:7)
  5 trolls
  Prince Ribbit (D:6)
  7 blink frogs (Lair:4)
  4 slime creatures
  A culicivora (Lair:3)
  A wraith (D:10)
  5 wyverns
  2 vampires (D:9)
  55 yaks
  Grum (D:10)
  A basilisk (D:9)
  A warg (Orc:2)
  A vampire mosquito (D:9)
  6 water moccasins
  2 black bears
  2 ice beasts
  11 orc warriors
  2 sky beasts (D:7)
  4 centaurs
  An ogre (D:6)
  6 wolves
  A phantom (D:5)
  5 kobold brigands
  15 bullfrogs
  A gnoll sergeant (D:7)
  A scorpion (D:5)
  4 wights
  7 killer bees (D:9)
  3 electric eels
  4 howler monkeys
  A human zombie (D:6)
  2 hounds
  3 bombardier beetles
  12 orc priests
  3 jellies (D:6)
  A sleepcap (D:5)
  20 orc wizards
  5 hell rats (Lair:1)
  8 gnolls
  6 adders
  3 river rats (Lair:1)
  A white imp (D:6)
  2 ufetubi (D:5)
  A dart slug (D:4)
  A ribbon worm (D:5)
  43 orcs
  6 ball pythons
  3 bats
  5 endoplasms
  3 giant cockroaches
  10 hobgoblins
  A jackal (D:4)
  6 quokkas
  2 frilled lizards (D:1)
  4 goblins
  34 kobolds
  A kobold skeleton (D:6)
  15 rats
413 creatures vanquished.

Vanquished Creatures (collateral kills)
  A polar bear (Lair:1)
  A killer bee (D:9)
  2 hell rats (Lair:1)
4 creatures vanquished.

Vanquished Creatures (others)
  An orc warrior (D:9)
  A centaur simulacrum (D:9)
  An orc (D:6)
  A kobold (D:6)
  31 foxfires
35 creatures vanquished.

Grand Total: 452 creatures vanquished

Notes
Turn   | Place    | Note
-------+----------+-------------------------------------------
     0 | D:1      | juan097 the Octopode Earth Elementalist began the quest for
                  | the Orb.
     0 | D:1      | Reached XP level 1. HP: 11/11 MP: 3/3
   158 | D:1      | Reached XP level 2. HP: 13/18 MP: 0/5
   512 | D:1      | Reached skill level 1 in Fighting
   816 | D:2      | Reached XP level 3. HP: 23/23 MP: 4/6
   858 | D:2      | Found an ornate altar of the Wu Jian Council.
  1432 | D:2      | Learned a level 3 spell: Passwall
  1433 | D:3      | Found a faded altar of an unknown god.
  1485 | D:3      | Reached XP level 4. HP: 8/28 MP: 5/7
  1488 | D:3      | Prayed at the altar of an unknown god.
  1488 | D:3      | Became a worshipper of Ignis, the Dying Flame
  1602 | D:3      | Found a transporter.
  1683 | D:3      | Found a transporter.
  2262 | D:3      | Learned a level 3 spell: Stone Arrow
  2301 | D:4      | Reached XP level 5. HP: 21/34 MP: 4/9
  2440 | D:4      | Found Uxkelyoc's Weapon Shop.
  2487 | D:4      | Reached skill level 1 in Short Blades
  2487 | D:4      | Reached skill level 1 in Ranged Weapons
  2701 | D:4      | Noticed a phantom
  3262 | D:5      | Entered Level 5 of the Dungeon
  3361 | D:5      | Reached XP level 6. HP: 39/39 MP: 7/10
  3806 | D:5      | Found a staircase to the Ecumenical Temple.
  3830 | Temple   | Entered the Ecumenical Temple
  3880 | D:5      | Noticed a black bear
  4403 | D:5      | Reached skill level 5 in Earth Magic
  4403 | D:5      | Reached XP level 7. HP: 45/45 MP: 11/11
  4540 | D:5      | Learned a level 2 spell: Blink
  5171 | D:6      | Found Hiqalint's Antique Armour Boutique.
  5173 | D:6      | Found Soadgh's Antique Armour Shoppe.
  5173 | D:6      | Noticed Prince Ribbit
  5218 | D:6      | Killed Prince Ribbit
  5219 | D:6      | Reached XP level 8. HP: 40/50 MP: 7/13
  5313 | D:6      | Found a runed translucent door.
  5316 | D:6      | Found a basalt altar of Yredelemnul.
  5600 | D:6      | Reached skill level 5 in Dodging
  5746 | D:6      | Found an opulent altar of Gozag.
  5904 | D:6      | Found Oczus's Jewellery Boutique.
  6100 | D:6      | Bought a ring of protection from cold for 275 gold pieces
  6385 | D:7      | Noticed a hornet
  6436 | D:7      | Identified the +0 war axe of Peril {heavy, +Blink rC-
                  | Str+3}
  6480 | D:7      | Reached skill level 1 in Translocations
  6582 | D:7      | Reached XP level 9. HP: 54/54 MP: 2/15
  6668 | D:7      | Killed a hornet
  6669 | D:7      | Reached skill level 5 in Conjurations
  7095 | D:7      | Found a runed translucent gate.
  7096 | D:7      | Found a runed translucent gate.
  7097 | D:7      | Found a runed translucent gate.
  7186 | D:7      | Noticed elongatedgoose's ghost (novice CoBr)
  7186 | D:7      | Found a roughly hewn altar of Beogh.
  7194 | D:7      | Identified the +2 plate armour "Miseocwo" {Will+ Int+2}
  7201 | D:7      | Noticed Maggie
  7211 | D:7      | Killed Maggie
  7625 | D:7      | Noticed Joseph
  7653 | D:7      | Killed Joseph
  7654 | D:7      | Reached skill level 5 in Spellcasting
  7881 | D:7      | Reached XP level 10. HP: 63/63 MP: 5/17
  8011 | D:7      | Found a bloodstained altar of Trog.
  8370 | D:6      | Bought a ring of see invisible for 165 gold pieces
  8924 | D:8      | Identified the staff of Propriety {rPois rCorr Dex+4
                  | Alchemy}
  9426 | D:9      | Reached skill level 5 in Fighting
  9807 | D:9      | Noticed Harold
 10101 | D:9      | Learned a level 4 spell: Brom's Barrelling Boulder
 10107 | D:9      | Learned a level 5 spell: Lee's Rapid Deconstruction
 10210 | D:9      | Noticed Psyche
 10212 | D:9      | Killed Psyche
 10217 | D:9      | Found a staircase to the Orcish Mines.
 10236 | D:9      | Reached skill level 1 in Evocations
 10297 | D:9      | Killed Harold
 10298 | D:9      | Reached XP level 11. HP: 34/74 MP: 0/20
 10671 | D:9      | Identified the ring "Ilumum" {rF+ rN+ Will+}
 10671 | D:9      | Noticed a centaur warrior
 11025 | D:9      | Killed a centaur warrior
 11307 | D:9      | Noticed a cyclops
 11312 | D:9      | Killed a cyclops
 11445 | D:9      | Noticed a cyclops
 11449 | D:9      | Killed a cyclops
 11721 | D:9      | Identified the ring of the Jolly Heavens {Will+ rCorr EV+5
                  | Str+2 Stlth+}
 11731 | D:9      | Identified the ring of Daisies {rC+ Will+}
 11735 | D:9      | Identified the ring "Juhigam" {Fly rC+ Will+ rCorr SInv}
 11914 | D:10     | Entered Level 10 of the Dungeon
 12276 | D:10     | Noticed Grum
 12284 | D:10     | Killed Grum
 12285 | D:10     | Reached skill level 5 in Evocations
 12798 | D:11     | Found a radiant altar of Vehumet.
 13109 | D:11     | Found a staircase to the Lair.
 13647 | D:11     | Noticed a two-headed ogre
 13653 | D:11     | Killed a two-headed ogre
 13654 | D:11     | Reached skill level 10 in Earth Magic
 13998 | D:12     | Found a stormy altar of Qazlal.
 14006 | D:12     | Found a runed translucent door.
 14007 | D:12     | Noticed osoart's ghost (journeyman CoFi)
 14015 | D:12     | Noticed a cyclops
 14019 | D:12     | Killed a cyclops
 14020 | D:12     | Reached XP level 12. HP: 83/83 MP: 11/21
 14160 | D:12     | Reached skill level 5 in Stealth
 15159 | Lair:1   | Entered Level 1 of the Lair of Beasts
 15454 | Lair:1   | Reached skill level 5 in Short Blades
 16156 | D:11     | Learned a level 4 spell: Petrify
 18085 | Lair:2   | Identified the ring of Kuydd {rPois rC+ Str+4 Dex+3}
 18160 | Lair:2   | Found an ancient bone altar of Kikubaaqudgha.
 18503 | Lair:2   | Reached XP level 13. HP: 90/90 MP: 5/24
 19094 | Lair:3   | Noticed Urug
 19104 | Lair:3   | Killed Urug
 19224 | Lair:3   | Found a hole to the Spider Nest.
 19673 | Lair:3   | Noticed Rupert
 20130 | Lair:3   | Reached skill level 10 in Fighting
 20260 | Lair:3   | Found a staircase to the Swamp.
 21055 | Lair:4   | Reached skill level 10 in Conjurations
 21375 | Lair:4   | Found a viscous altar of Jiyva.
 21376 | Lair:4   | Found a staircase to the Slime Pits.
 21416 | Lair:4   | Noticed Sobieck's ghost (journeyman MDEE)
 21423 | Lair:4   | Found a transporter.
 21474 | Lair:4   | Reached skill level 10 in Dodging
 21740 | Lair:4   | Found a transporter.
 22721 | Orc:1    | Entered Level 1 of the Orcish Mines
 23013 | Orc:2    | Entered Level 2 of the Orcish Mines
 23022 | Orc:2    | Killed from afar by a kobold blastminer

Illustrated notes

Levels and vault maps discovered:
D:1:      lightli_arrival_isolated_outpost, layout_rooms
D:2:      wad_pebble_path, layout_basic, basic_altar
D:3:      gammafunk_steamed_eel, layout_basic, nicolae_ecumenical_oubliette
D:4:      layout_loops_cross, serial_shops, nicolae_shop_advertising_works
          [nicolae_subvault_shop_adworks], eino_tiny_chamber, chequers_garden,
          grunt_tough_drop
D:5:      layout_layer_cave, minmay_temple_entry_arrows
D:6:      layout_loops_ring, dk_yredelemnul_ordeal, grunt_gozag_breadcrumbs,
          serial_shops, nicolae_shop_crystal, shop, shop, uniq_prince_ribbit1
D:7:      layout_cave_pools, mainiacjoe_overflow_tiny_flanked,
          biasface_ghost_orc_armoury, uniq_maggie, uniq_joseph
D:8:      layout_loops_ring, kennysheep_generic_room_14
D:9:      minmay_the_grid_triangle_9x9_rhombus_thin
          [minmay_the_grid_triangle_9x9_windchime,
          minmay_the_grid_triangle_9x9_prize_special,
          minmay_the_grid_triangle_9x9_sparse_checkered,
          minmay_the_grid_triangle_9x9_warning], layout_loops_ring, david_orc_3,
          uniq_psyche, uniq_harold
D:10:     layout_roguey, uniq_grum
D:11:     layout_basic, dpeg_oklobed_lair, nicolae_vehumet_radiance
D:12:     layout_cave_pools, serial_rivers, chequers_serial_rivers_large_b,
          chequers_serial_rivers_room_b, chequers_serial_rivers_micro_e,
          chequers_serial_rivers_micro_e, gammafunk_ghost_grave,
          nicolae_qazlal_eye_of_the_storm
Temple:   compressed_dpeg_triangle_lava_temple
Lair:1:   layout_cave_pods, kennysheep_abandoned_house, serial_bayou_shore_b,
          lemuel_fruit_fields
Lair:2:   layout_cave_shapes, basic_altar, grunt_forest_large_clearings,
          grunt_megastairs_2, lemuel_fruit_tree
Lair:3:   layout_cave_pods, nicolae_swamp_entry_splash_gauntlet,
          hellmonk_spider_entry_life_and_decay, uniq_rupert, uniq_urug
Lair:4:   layout_regular_city, slime_entry_1, gammafunk_ghost_hive,
          infiniplex_staircase_pool_2
Orc:1:    layout_caves, uniq_erolcha
Orc:2:    grunt_orc_cross, layout_caves, basic_altar, ebering_ghost_rock_garden

Skill      XL: |  1  2  3  4  5  6  7  8  9 10 11 12 13 |
---------------+----------------------------------------+-----
Stealth        | 3 4 6 |  6.0
Fighting       | 1 2 4 6 8 9 10 | 10.5
Spellcasting   | 3 4 5 6 7 8 |  8.5
Short Blades   | 1 2 3 4 6 |  6.0
Ranged Weapons | 1 2 |  2.0
Earth Magic    | 4 5 6 7 8 10 | 10.0
Dodging        | 3 4 6 7 10 | 10.0
Conjurations   | 4 6 7 8 10 | 10.0
Translocations | 1 4 |  4.0
Evocations     | 2 6 |  6.0

Action                     |  1- 3 |  4- 6 |  7- 9 | 10-12 | 13-15 || total
---------------------------+-------+-------+-------+-------+-------++-------
  Melee: Unarmed           |     6 |       |       |       |       ||     6
         Constrict         |     3 |     4 |     8 |     6 |     1 ||    22
         Dagger            |     4 |     9 |    22 |    44 |    50 ||   129
         Tentacles         |     3 |     3 |     6 |    11 |    22 ||    45
         Staff             |       |       |     4 |     3 |     4 ||    11
   Fire: Sling             |    11 |    64 |    12 |       |       ||    87
  Throw: Dart              |       |     5 |    17 |     4 |     2 ||    28
         Boomerang         |       |       |     1 |       |       ||     1
   Cast: Sandblast         |    37 |    75 |    78 |    71 |    61 ||   322
         Stone Arrow       |       |       |    37 |   260 |    90 ||   387
         Passwall          |       |       |     1 |     1 |       ||     2
         Lee's Rapid Decon |       |       |       |    22 |    30 ||    52
         Brom's Barrelling |       |       |       |     4 |       ||     4
         Blink             |       |       |       |     1 |     2 ||     3
         Petrify           |       |       |       |     1 |     2 ||     3
 Invoke: Fiery Armour      |       |       |     1 |     2 |     2 ||     5
         Foxfire Swarm     |       |       |       |     2 |       ||     2
         Rising Flame      |       |       |       |     1 |       ||     1
  Evoke: Wand              |       |       |     3 |     4 |     1 ||     8
    Use: Scroll            |       |       |       |    14 |     1 ||    15
   Stab: Sleeping          |     2 |     1 |     1 |     3 |     1 ||     8
         Petrified         |       |       |       |       |     2 ||     2
 Armour: Skin              |    16 |    29 |    44 |    89 |    53 ||   231
  Dodge: Dodged            |    13 |    33 |    58 |   150 |   213 ||   467

Table legend: (Time is in decaauts)
 A = Elapsed time spent in this place.
 B = Non-inter-level travel time spent in this place.
 C = Inter-level travel time spent in this place.
 D = Time resting spent in this place.
 E = Time spent auto-exploring this place.
 F = Levels seen in this place.
 G = Mean time per level.
                   A        B        C        D        E       F      G
               +--------+--------+--------+--------+--------+-----+--------+
         Total |  23144 |  22061 |   1083 |   1281 |  16909 |  19 | 1218.1 |
       Dungeon |  15899 |  15085 |    814 |    936 |  11603 |  12 | 1324.9 |
        Temple |      1 |      1 |      0 |      0 |      0 |   1 |    1.0 |
          Lair |   6941 |   6680 |    261 |    345 |   5062 |   4 | 1735.2 |
  Orcish Mines |    300 |    292 |      8 |      0 |    244 |   2 |  150.0 |
               +--------+--------+--------+--------+--------+-----+--------+

Top non-repeatable levels by time:
     D:9: 2056 daAuts
  Lair:1: 1932 daAuts
     D:8: 1828 daAuts
     D:5: 1808 daAuts
    D:11: 1804 daAuts
  Lair:2: 1683 daAuts
  Lair:3: 1680 daAuts
  Lair:4: 1645 daAuts
     D:7: 1500 daAuts
     D:6: 1339 daAuts
     D:4: 1240 daAuts
    D:12: 1055 daAuts
    D:10: 933 daAuts
     D:2: 917 daAuts
     D:3: 738 daAuts
